 Dungeon Crawl Stone Soup version 0.29-a0-393-g47a863c (webtiles) character file.

Game seed: 18241005361136839364

630 Illumine the Quickloader (level 7, -1/40 HPs)
             Began as a Kobold Hunter on May 10, 2022.
             Was an Initiate of Qazlal.
             Slain by an orc
             ... wielding a +1 hand axe of freezing
              (5 damage)
             ... on level 5 of the Dungeon.
             The game lasted 00:04:28 (3356 turns).

Illumine the Quickloader (Kobold Hunter)            Turns: 3356, Time: 00:04:28

Health: -1/40      AC:  4    Str: 10    XL:     7   Next: 77%
Magic:  7/7        EV: 20    Int: 10    God:    Qazlal [......]
Gold:   190        SH:  0    Dex: 25    Spells: 6/6 levels left

rFire   . . .      SeeInvis .   b - +3 dagger (freeze)
rCold   . . .      Faith    .   (no shield)
rNeg    . . .      Spirit   .   y - +0 leather armour
rPois   .          Reflect  .   o - +0 helmet
rElec   .          Harm     .   (no cloak)
rCorr   .          Rampage  .   (no gloves)
Will    +....                   (no boots)
Stlth   +++.......              (no amulet)
HPRegen 0.13/turn               B - +6 ring of dexterity
MPRegen 0.10/turn               q - ring of willpower

@: no status effects
A: small, no large weapons, nightstalker 3
a: Renounce Religion


You were on level 5 of the Dungeon.
You worshipped Qazlal.
Qazlal was noncommittal.
You visited 1 branch of the dungeon, and saw 5 of its levels.

You collected 190 gold pieces.

Inventory:

Hand Weapons
 a - a +1 hand crossbow
 b - a +3 dagger of freezing (weapon)
Missiles
 f - 6 atropa-tipped darts
 j - 3 poisoned darts
Armour
 o - a +0 helmet (worn)
 y - a +0 leather armour (worn)
Jewellery
 q - a ring of willpower (right hand)
 B - a +6 ring of dexterity (left hand)
Wands
 r - a wand of polymorph (10)
 A - a wand of iceblast (5)
Scrolls
 c - a scroll of immolation
 d - 2 scrolls of vulnerability
 e - 2 scrolls of blinking {unknown}
 g - a scroll of fear {unknown}
 i - a scroll of magic mapping
 l - a scroll of acquirement {unknown}
 n - a scroll of amnesia {unknown}
 p - a scroll of noise {unknown}
 s - a scroll of silence {unknown}
 x - 4 scrolls of teleportation {unknown}
 z - a scroll of poison {unknown}
Potions
 h - 2 potions of brilliance
 k - a potion of berserk rage {unknown}
 m - 3 potions of mutation
 t - a potion of curing
 u - 2 potions of degeneration {unknown}
 v - a potion of might {unknown}
 w - 2 potions of resistance
 C - a potion of lignification {unknown}


   Skills:
 + Level 2.9 Fighting
 + Level 8.8 Crossbows
 + Level 6.8 Dodging
 - Level 2.0 Stealth


You had 6 spell levels left.
You didn't know any spells.
Your spell library contained the following spells:

 Spells                   Type           Power      Damage    Failure   Level
 Leda's Liquefaction      Hex/Erth       0%         N/A       99%         4
 Lee's Rapid Deconstruct  Erth           0%         3d5*      100%        5
 Statue Form              Tmut/Erth      0%         N/A       100%        6


Dungeon Overview and Level Annotations

Branches:
Dungeon (5/15)
 Temple: D:4-7

Altars:
Qazlal


Innate Abilities, Weirdness & Mutations

You are small and have problems with some larger weapons.
You are completely attuned to the shadows.


Message History

You shoot a bolt. The bolt hits the orc priest.
The orc priest is almost dead.
The orc priest hits you with a +0 hand axe.
Your +3 dagger of freezing glows with a cold blue light!
b - a +3 dagger of freezing (weapon)
The orc priest calls down the wrath of Beogh upon you.
Beogh smites you!
* * * LOW HITPOINT WARNING * * *
You hit the orc priest but do no damage.
The orc priest is severely wounded.
The orc priest misses you.
You hit the orc priest but do no damage.
The orc priest is severely wounded.
The orc priest calls down the wrath of Beogh upon you.
Beogh smites you!
* * * LOW HITPOINT WARNING * * *
The orc priest attacks as you move away!
The orc priest completely misses you.
You hit the orc priest but do no damage.
You punch the orc priest, but do no damage.
The orc priest is severely wounded.
The orc priest barely misses you.
You hit the orc priest but do no damage.
The orc priest is severely wounded.
The orc priest closely misses you. The orc barely misses you.
You hit the orc priest but do no damage.
The orc priest is severely wounded.
The orc priest completely misses you. The orc completely misses you.
The orc attacks as you move away! The orc closely misses you.
You feel better. The orc hits you but does no damage.
The orc closely misses you. The orc priest completely misses you.
The orc hits you with a +1 hand axe of freezing.
* * * LOW HITPOINT WARNING * * *
The orc freezes you.
* * * LOW HITPOINT WARNING * * *
Unknown command.
The orc attacks as you move away!
The orc hits you with a +1 hand axe of freezing.
You die...

..).####+######.....# ..+....
#.....# ).#.... #.....#
###+### ##.....# #### .
#.....## ##... .) #.....#
#.... .o. #.....+ #....
####+#...o.# #######'##
#.......@o## #.........
.####.......o.# #.........
..............+ #.........
#.............######.........
#....##########........##+#..
#....# #........# #....#
#........# #.. #....#
#........# #.. #....##+##
##........# #..


You could see an orc priest and 2 orcs.

Vanquished Creatures
  Eustachio (D:4)
  A water moccasin (D:4)
  An ogre (D:5)
  A phantom (D:4)
  A gnoll sergeant (D:5)
  Jessica (D:3)
  Robin (D:2)
  4 adders
  2 gnolls
  2 worms
  4 dart slugs
  4 orcs
  4 ball pythons
  4 bats
  6 endoplasms
  2 giant cockroaches (D:1)
  13 goblins
  8 hobgoblins
  3 quokkas
  A frilled lizard (D:2)
  5 kobolds
  2 rats (D:1)
71 creatures vanquished.

Vanquished Creatures (others)
  3 plants (D:2)
3 creatures vanquished.

Grand Total: 74 creatures vanquished

Notes
Turn   | Place    | Note
-------+----------+-------------------------------------------
     0 | D:1      | Illumine the Kobold Hunter began the quest for the Orb.
     0 | D:1      | Reached XP level 1. HP: 12/12 MP: 1/1
    75 | D:1      | Found a faded altar of an unknown god.
   222 | D:1      | Reached XP level 2. HP: 16/17 MP: 2/2
   533 | D:1      | Reached XP level 3. HP: 21/21 MP: 3/3
   848 | D:2      | Reached skill level 6 in Crossbows
  1143 | D:2      | Reached XP level 4. HP: 24/26 MP: 4/4
  1194 | D:2      | Noticed Robin
  1215 | D:2      | Killed Robin
  1500 | D:2      | You fall into a shaft and drop 1 floor!
  1727 | D:3      | Reached XP level 5. HP: 30/30 MP: 5/5
  1968 | D:3      | Noticed Jessica
  1969 | D:3      | Killed Jessica
  2272 | D:3      | Found a stormy altar of Qazlal.
  2287 | D:3      | Became a worshipper of Qazlal Stormbringer
  2370 | D:3      | Reached skill level 7 in Crossbows
  2578 | D:4      | Noticed a phantom
  2592 | D:4      | Killed a phantom
  2593 | D:4      | Reached skill level 5 in Dodging
  2593 | D:4      | Reached XP level 6. HP: 19/35 MP: 6/6
  2750 | D:4      | Noticed a water moccasin
  2755 | D:4      | Killed a water moccasin
  2801 | D:4      | Noticed Eustachio
  2817 | D:4      | Killed Eustachio
  2818 | D:4      | Reached skill level 8 in Crossbows
  2818 | D:4      | Reached XP level 7. HP: 33/40 MP: 7/7
  3053 | D:5      | Entered Level 5 of the Dungeon
  3356 | D:5      | Slain by an orc

Illustrated notes

Levels and vault maps discovered:
D:1:      heliophobic_arrival_henge, layout_loops_cross,
          chequers_ecumenical_altar_simple, kennysheep_pointless_box
D:2:      layout_loops_ring, serial_bayou_crossing, uniq_robin
D:3:      layout_basic, mainiacjoe_overflow_brackets, grunt_ministairs_15,
          dk_noncrumbling_2, uniq_jessica
D:4:      nicolae_cairo_tiling_large_dashed, layout_loops_ring,
          lemuel_coloured_pillars_altar, uniq_edmund, uniq_menkaure,
          uniq_eustachio
D:5:      layout_gridville, serial_shops, shop, shop,
          nicolae_shop_advertising_works [nicolae_subvault_shop_adworks]

Skill      XL: |  1  2  3  4  5  6 |
---------------+-------------------+-----
Stealth        | 2 |  2.0
Dodging        | 3 4 5 6 |  6.8
Crossbows      | 6 7 8 |  8.8
Fighting       | |  2.9

Action                   |  1- 3 |  4- 6 |  7- 9 || total
-------------------------+-------+-------+-------++-------
Melee: Dagger            |       |       |     5 ||     5
       Punch             |       |       |     1 ||     1
 Fire: Hand crossbow     |    57 |   134 |    36 ||   227
  Use: Scroll            |       |     2 |     3 ||     5
       Potion            |       |       |     1 ||     1
Armor: Leather armour    |     5 |     7 |     4 ||    16
Dodge: Dodged            |    19 |    55 |    20 ||    94

Table legend: (Time is in decaauts)
 A = Elapsed time spent in this place.
 B = Non-inter-level travel time spent in this place.
 C = Inter-level travel time spent in this place.
 D = Time resting spent in this place.
 E = Time spent auto-exploring this place.
 F = Levels seen in this place.
 G = Mean time per level.
                   A        B        C        D        E       F      G
               +--------+--------+--------+--------+--------+-----+--------+
         Total |   3400 |   3337 |     63 |    304 |   2432 |   5 |  680.0 |
       Dungeon |   3400 |   3337 |     63 |    304 |   2432 |   5 |  680.0 |
               +--------+--------+--------+--------+--------+-----+--------+

Top non-repeatable levels by time:
     D:3: 1050 daAuts
     D:1: 831 daAuts
     D:2: 692 daAuts
     D:4: 521 daAuts
     D:5: 304 daAuts
